 Dungeon Crawl Stone Soup version 0.27-a0-797-g27d10ad80f (webtiles) character file.

Game seed: 17487259748165624030

102 sahdkjhfkaj the Skirmisher (level 4, 0/36 HPs)
             Began as a Mummy Berserker on Mar 27, 2021.
             Was a Follower of Trog.
             Slain by a gnoll
             ... wielding a +0 flail
              (7 damage)
             ... on level 3 of the Dungeon.
             The game lasted 00:01:27 (1683 turns).

sahdkjhfkaj the Skirmisher (Mummy Berserker)        Turns: 1683, Time: 00:01:27

Health: 0/36       AC:  8    Str: 21    XL:     4   Next: 50%
Magic:  4/4        EV:  8    Int:  6    God:    Trog [*.....]
Gold:   94         SH:  0    Dex: 11    Spells: 3/3 levels left

rFire    x . .     SeeInvis .   b - +0 dagger (venom)
rCold    + . .     Faith    .   (no shield)
rNeg     + + +     Spirit   .   d - +0 chain mail
rPois    ∞         Reflect  .   (no helmet)
rElec    .         Harm     .   (no cloak)
rCorr    .         Rampage  .   (no gloves)
Will     .....                  (no boots)
Stlth    ..........             h - amulet of the acrobat
HPRegen  0.12/turn              (no ring)
MPRegen  0.09/turn              (no ring)

@: no status effects
A: cold resistance 1, negative energy resistance 3, torment resistance 2,
unbreathing 1, heat vulnerability 1, no potions
a: Renounce Religion


You were on level 3 of the Dungeon.
You worshipped Trog.
Trog was aware of your devotion.
You visited 1 branch of the dungeon, and saw 3 of its levels.

You collected 94 gold pieces.

Inventory:

Hand Weapons
 a - a +0 spear
 b - a +0 dagger of venom (weapon)
Armour
 d - a +0 chain mail (worn)
Jewellery
 h - an amulet of the acrobat (around neck)
Scrolls
 c - a scroll of identify {unknown}
 e - a scroll of brand weapon {unknown}
 f - a scroll of enchant armour {unknown}
 g - a scroll of teleportation {unknown}
 i - a scroll of noise {unknown}


   Skills:
 + Level 3.6 Fighting
 * Level 3.2 Polearms
 + Level 2.1 Armour
 - Level 2.4 Dodging


You had 3 spell levels left.
You didn't know any spells.
Your spell library was empty.

Dungeon Overview and Level Annotations

Branches:
Dungeon (2/15)

Altars:


Innate Abilities, Weirdness & Mutations

You are immune to poison.
Your flesh is cold resistant. (rC+)
You are immune to negative energy. (rN+++)
You are immune to unholy pain and torment.
You can survive without breathing.
You are vulnerable to heat. (rF-)
You do not drink.


Message History

You are too injured to fight recklessly!
You are too injured to fight recklessly!
You are too injured to fight recklessly!
You are too injured to fight recklessly!
You are too injured to fight recklessly!
You are too injured to fight recklessly!
You are too injured to fight recklessly!
You are too injured to fight recklessly!
You are too injured to fight recklessly!
You are too injured to fight recklessly!
You are too injured to fight recklessly!
You closely miss the gnoll.
The gnoll is severely wounded.
You kill the gnoll!
Trog accepts your kill. The bat closely misses you.
The bat completely misses you.
You see here a +0 whip.
The bat completely misses you. The bat closely misses you.
You see here a +0 whip.
Unknown command.
Unknown command.
The bat completely misses you. The bat hits you but does no damage.
You barely miss the bat. The bat hits you but does no damage.
The bat barely misses you.
You hit the bat.
You kill the bat!
Trog accepts your kill.
You barely miss the gnoll. The gnoll hits you but does no damage.
You closely miss the gnoll. The gnoll hits you with a +0 flail.
You hit the gnoll but do no damage. The gnoll hits you with a +0 flail!
* * * LOW HITPOINT WARNING * * *
You hit the gnoll.
The gnoll is poisoned.
The gnoll is moderately wounded.
The gnoll barely misses you.
You hit the gnoll but do no damage.
The gnoll looks as sick as possible!
The gnoll is moderately wounded.
The gnoll hits you with a +0 flail!
You die...

######## #......#
#.###..# ######
#......######## .....#
#..##.#.....#.+
.....###..##.#.###.#.#
##.#...........###...#
........).......@g...+
##.#†###.##########.##
............ #.#
###..####### #)#
###..# #). .....# #...
#.#.## #...# #.#...
#.... ..##### #..#..


You could see a gnoll (extremely poisoned).

Vanquished Creatures
  6 gnolls (D:3)
  An adder (D:2)
  A worm (D:2)
  An orc (D:2)
  2 ball pythons
  3 endoplasms
  A giant cockroach (D:2)
  3 goblins
  4 hobgoblins
  A quokka (D:2)
  4 bats
  4 frilled lizards
  2 kobolds (D:2)
  3 rats (D:1)
36 creatures vanquished.

Vanquished Creatures (others)
  2 plants (D:1)
2 creatures vanquished.

Grand Total: 38 creatures vanquished

Notes
Turn   | Place    | Note
-------+----------+-------------------------------------------
     0 | D:1      | sahdkjhfkaj the Mummy Berserker began the quest for the
                  | Orb.
     0 | D:1      | Reached XP level 1. HP: 18/18 MP: 1/1
   422 | D:1      | Reached XP level 2. HP: 24/24 MP: 2/2
  1050 | D:2      | Reached XP level 3. HP: 29/29 MP: 3/3
  1209 | D:2      | You fall into a shaft and drop 1 floor!
  1289 | D:3      | Reached XP level 4. HP: 8/35 MP: 4/4
  1683 | D:3      | Slain by a gnoll

Illustrated notes

Levels and vault maps discovered:
D:1:      eino_arrival_tree_alley, layout_basic
D:2:      layout_rooms, minmay_between
D:3:      layout_basic, minitemple, nicolae_gozag_seed_capital

Skill      XL: |  1  2  3 |
---------------+----------+-----
Dodging        | 2 |  2.4
Polearms       | 3 |  3.2
Armour         | 2 |  2.1
Fighting       | |  3.6

Action                   |  1- 3 |  4- 6 || total
-------------------------+-------+-------++-------
Melee: Spear             |    44 |       ||    44
       Dagger            |    58 |    35 ||    93
Armor: Animal skin       |     3 |       ||     3
       Chain mail        |    47 |    11 ||    58
Dodge: Dodged            |    37 |    13 ||    50

Table legend: (Time is in decaauts)
 A = Elapsed time spent in this place.
 B = Non-inter-level travel time spent in this place.
 C = Inter-level travel time spent in this place.
 D = Time resting spent in this place.
 E = Time spent auto-exploring this place.
 F = Levels seen in this place.
 G = Mean time per level.
                   A        B        C        D        E       F      G
               +--------+--------+--------+--------+--------+-----+--------+
         Total |   1680 |   1601 |     79 |    241 |   1044 |   3 |  560.0 |
       Dungeon |   1680 |   1601 |     79 |    241 |   1044 |   3 |  560.0 |
               +--------+--------+--------+--------+--------+-----+--------+

Top non-repeatable levels by time:
     D:1: 970 daAuts
     D:3: 473 daAuts
     D:2: 236 daAuts
